 Dungeon Crawl Stone Soup version 0.20-a0-259-gc929cd2 (webtiles) character file.

5922 Jarno the Cleaver (level 11, -3/89 HPs)
             Began as a Formicid Fighter on Dec 2, 2016.
             Was an Elder of Ru.
             Slain by an ice devil (23 damage)
             ... in an ice cave.
             The game lasted 00:35:43 (9807 turns).

Jarno the Cleaver (Formicid Fighter)                Turns: 9807, Time: 00:35:45

Health: -3/89      AC: 16    Str: 21    XL:     11   Next: 9%
Magic:  12/12      EV: 13    Int:  6    God:    Ru [****..]
Gold:   110        SH: 13    Dex: 18    Spells: 10/10 levels left

rFire  + . .     SeeInvis +     y - +0 broad axe (flame)
rCold  . . .     Gourm    .     E - +0 chain mail
rNeg   . . .     Faith    .     c - +1 shield
rPois  +         Spirit   .     (helmet unavailable)
rElec  .         Reflect  .     C - +2 cloak {rPois}
rCorr  .         Harm     .     (no gloves)
MR     ++...                    K - +0 pair of boots
Stlth  ..........               J - amulet of magic regeneration
                                (no ring)
                                j - ring of protection from fire

@: agile, no scrolls
A: permanent stasis, dig shafts and tunnels, four strong arms, antennae 3, dopey
1, magic resistance 1, inability to read while threatened, inability to train
dodging, inexperienced 1
a: Dig, Shaft Self, Draw Out Power, Power Leap, Renounce Religion


You were in an ice cave.
You worshipped Ru.
Ru was greatly pleased with you.
You were not hungry.

You visited 1 branch of the dungeon, and saw 12 of its levels.
You also visited: Ossuary and Ice Cave.

You collected 584 gold pieces.
You spent 474 gold pieces at shops.

Inventory:

Hand Weapons
 a - a +4 battleaxe
 b - a +0 shortbow
 q - the +9 hand axe of Uskayaw's Displeasure {antimagic, +Inv Int+4}
   (You found it on level 6 of the Dungeon)

   It reduces the magical energy of the wielder, and disrupts the spells and
   magical abilities of those hit.
   Natural abilities and divine invocations are not affected.
   It affects your intelligence (+4).
   It lets you turn invisible.
 y - a +0 broad axe of flaming (weapon)
Missiles
 i - 347 stones (quivered)
 p - 4 silver tomahawks
 r - 6 javelins
 A - 134 arrows
Armour
 c - a +1 shield (worn)
 C - a +2 cloak of poison resistance (worn)
 E - a +0 chain mail (worn)
 K - a +0 pair of boots (worn)
Jewellery
 j - a ring of protection from fire (left hand)
 J - an amulet of magic regeneration (around neck)
Wands
 m - a wand of confusion (32/48)
 o - a wand of random effects (29/48)
 B - a wand of confusion (47/48)
 D - a wand of slowing (7/48)
 N - a wand of lightning (12/15)
 R - a wand of iceblast (9/15)
 T - a wand of paralysis (10/24)
 U - a wand of confusion (24/48)
Scrolls
 d - a scroll of identify
 l - 7 scrolls of remove curse
 n - 2 scrolls of enchant armour
 t - a scroll of enchant weapon
 u - a scroll of fear
 v - a scroll of magic mapping
 H - 2 scrolls of recharging
 L - 4 scrolls of amnesia
 O - a scroll of fog
Potions
 e - 3 potions of ambrosia
 g - a potion of heal wounds
 s - 14 potions of curing
 w - 2 potions of cancellation
 x - 3 potions of magic
 z - a potion of flight
 I - a potion of cure mutation
Miscellaneous
 M - a phial of floods
Comestibles
 f - 7 bread rations
 h - 10 slices of pizza
 k - 5 meat rations
 P - a beef jerky
 W - 3 fruits


   Skills:
 + Level 9.0 Fighting
 + Level 12.1 Axes
 + Level 8.8 Armour
 + Level 10.2 Shields
 + Level 1.5 Evocations


You had 10 spell levels left.
You didn't know any spells.

Dungeon Overview and Level Annotations

Branches:
Dungeon (12/15)            Temple (0/1) D:6            Lair (0/6) D:9
    Orc (0/2) D:12

Altars:
Fedhas
Hepliaklqana
Okawaru
Qazlal
Ru
Sif Muna
Uskayaw
Vehumet
Yredelemnul
The Shining One

Shops:
D:6 =   D:8 *}*?   D:11 ?

Annotations:
D:4 Menkaure


Innate Abilities, Weirdness & Mutations

You cannot be hasted, slowed, berserked, paralysed or teleported.
You can dig through walls and to a lower floor.
Your four strong arms can wield two-handed weapons with a shield.
You have a pair of large antennae on your head. (SInv)
You are dopey. (Int -2)
You cannot read scrolls while threatened.
You cannot train Dodging skill.
You are somewhat inexperienced. (-2 XL)
You are resistant to hostile enchantments. (MR+)


Message History

The ice devil hits you. The ice devil freezes you!
* * * LOW HITPOINT WARNING * * *
You slash the ice devil! You burn the ice devil.
The ice devil is lightly wounded.
You slash the ice devil! You burn the ice devil.
The ice devil closely misses you. You block the ice devil's attack.
You feel agile all of a sudden.
The ice devil is stunned by your will and fails to attack.
You completely miss the ice devil.
The ice devil is severely wounded.
You hit the ice devil. You burn the ice devil.
The ice devil hits you but does no damage.
You block the ice devil's attack.
You hit the ice devil but do no damage.
The ice devil is severely wounded.
You barely miss the ice devil. The ice devil hits you!
* * * LOW HITPOINT WARNING * * *
The ice devil freezes you!!
You feel threatened and lose the ability to read scrolls!
You die...

.... .... ####
{..... ##..##
#.....
##....######......
#.......##........
#..∩∩.............
#....44...........
##...@##..##......
##..###### .....
#### { .... ... ..
.


You could see 2 ice devils.

Vanquished Creatures
  Urug (D:11)
  An unseen horror (D:10)
  A hill giant (D:9)
  Pikel (D:3)
  A manticore (D:11)
  Maurice (D:11)
  Joseph (D:7)
  A troll (D:12)
  A two-headed ogre (D:8)
  Prince Ribbit (D:7)
  A wraith (D:11)
  A vampire (D:11)
  A hungry ghost (D:9)
  14 yaks (D:10)
  A wyvern (D:5)
  Eustachio (D:5)
  A water moccasin (D:8)
  2 hell hounds (D:9)
  2 orc warriors (D:11)
  2 ice beasts
  A sky beast (D:9)
  2 ogres
  4 centaurs
  A crocodile (D:10)
  8 bullfrogs
  3 scorpions
  3 howler monkeys (D:12)
  6 wights (D:9)
  3 crimson imps
  A bullfrog zombie (D:10)
  A quasit (D:7)
  5 centaur zombies
  3 hounds
  2 jellies
  A gnoll shaman (D:9)
  A human zombie (Ossuary)
  5 orc priests
  7 orc wizards
  3 bullfrog skeletons
  2 iguanas
  4 worker ants
  A hound skeleton (D:11)
  3 mummies (Ossuary)
  A worker ant zombie (D:5)
  10 gnolls
  9 adders
  A shadow imp (D:9)
  An ooze (D:1)
  A worm zombie (D:6)
  An adder skeleton (D:7)
  A worm (D:2)
  4 dart slugs
  3 leopard geckos
  25 orcs
  A ball python (D:2)
  2 giant cockroaches
  5 goblins
  4 hobgoblins
  8 jackals
  7 quokkas
  5 bats
  6 frilled lizards
  A gnoll zombie (Ossuary)
  2 goblin zombies (Ossuary)
  A hobgoblin zombie (D:6)
  A jackal zombie (D:5)
  14 kobolds
  A kobold zombie (Ossuary)
  2 orc zombies (Ossuary)
  4 rats
227 creatures vanquished.

Vanquished Creatures (others)
  Snorg (D:12)
  Grinder (D:4)
  A yak (D:10)
  A slave (D:4)
  A leopard gecko (D:4)
5 creatures vanquished.

Grand Total: 232 creatures vanquished

Notes
Turn   | Place    | Note
-------+----------+-------------------------------------------
     0 | D:1      | Jarno the Formicid Fighter began the quest for the Orb.
     0 | D:1      | Reached XP level 1. HP: 18/18 MP: 1/1
   215 | D:1      | Reached XP level 2. HP: 24/24 MP: 2/2
   382 | D:1      | Reached XP level 3. HP: 12/29 MP: 3/3
  1081 | D:2      | Reached XP level 4. HP: 37/37 MP: 4/4
  1180 | D:2      | Found a sacrificial altar of Ru.
  1215 | D:2      | Became a worshipper of Ru the Awakened
  1544 | D:2      | Reached skill level 3 in Axes
  1748 | D:3      | Reached XP level 5. HP: 39/42 MP: 5/5
  1771 | D:3      | Found an iron altar of Okawaru.
  2245 | D:3      | Gained mutation: You are dopey. (Int -2) [Ru sacrifice]
  2401 | D:4      | Reached skill level 1 in Dodging
  2463 | D:4      | Noticed Pikel
  2464 | D:4      | Noticed a slave
  2464 | D:4      | Noticed a slave
  2464 | D:4      | Noticed a slave
  2466 | D:4      | Noticed a slave
  2516 | D:3      | Killed Pikel
  2516 | D:3      | Reached skill level 4 in Axes
  2516 | D:3      | Reached skill level 5 in Armour
  2516 | D:3      | Reached skill level 5 in Shields
  2516 | D:3      | Reached XP level 6. HP: 13/49 MP: 6/6
  2516 | D:3      | Reached XP level 7. HP: 14/55 MP: 7/7
  2752 | D:4      | Noticed Grinder
  2875 | D:5      | Entered Level 5 of the Dungeon
  2895 | D:5      | Reached skill level 5 in Axes
  2905 | D:5      | Reached XP level 8. HP: 23/61 MP: 8/8
  3079 | D:4      | Killed Grinder
  3429 | D:4      | Found a deep blue altar of Sif Muna.
  3543 | D:4      | Noticed Menkaure
  3708 | D:5      | Noticed Eustachio
  3719 | D:5      | Killed Eustachio
  3719 | D:5      | Reached skill level 5 in Fighting
  3873 | D:5      | Noticed a wyvern
  3879 | D:5      | Killed a wyvern
  3879 | D:5      | Reached skill level 6 in Axes
  3959 | D:5      | Found a hazy altar of Hepliaklqana.
  4282 | D:6      | Found a sand-covered staircase.
  4300 | D:6      | Got a shimmering hand axe
  4308 | Ossuary  | Entered an ossuary
  4309 | Ossuary  | Identified the +9 hand axe of Uskayaw's Displeasure {antimagic, +Inv Int+4} (You found it on level 6 of the Dungeon)
  4335 | Ossuary  | Gained mutation: You cannot read scrolls while threatened. [Ru sacrifice]
  4335 | Ossuary  | Reached * piety under Ru
  4595 | D:6      | Found Wemenk's Jewellery Emporium.
  4862 | D:6      | Reached XP level 9. HP: 52/68 MP: 3/9
  4919 | D:6      | Found a staircase to the Ecumenical Temple.
  4928 | D:6      | Reached skill level 7 in Axes
  5188 | D:7      | Found a radiant altar of Vehumet.
  5219 | D:7      | Noticed Joseph
  5231 | D:7      | Killed Joseph
  5458 | D:7      | Found a blossoming altar of Fedhas.
  5458 | D:7      | Found a basalt altar of Yredelemnul.
  5516 | D:7      | Noticed Prince Ribbit
  5539 | D:7      | Killed Prince Ribbit
  5916 | D:8      | Found Etway's General Store.
  5922 | D:8      | Found Xammist's Gadget Shoppe.
  5924 | D:8      | Bought a scroll of identify for 24 gold pieces
  5924 | D:8      | Bought a potion of curing for 36 gold pieces
  5930 | D:8      | Bought a wand of iceblast (10/15) for 196 gold pieces
  5969 | D:8      | Reached skill level 8 in Axes
  6028 | D:8      | Found Muhegid's Magic Scroll Shop.
  6037 | D:8      | Bought a scroll of identify for 26 gold pieces
  6145 | D:8      | Found Ugainua's Assorted Antiques.
  6148 | D:8      | Bought a scroll of identify for 52 gold pieces
  6169 | D:8      | Found a hide-covered altar of Uskayaw.
  6235 | D:8      | Noticed a two-headed ogre
  6252 | D:8      | Killed a two-headed ogre
  6396 | D:8      | Gained mutation: You cannot train Dodging skill. [Ru sacrifice]
  6396 | D:8      | Reached ** piety under Ru
  6396 | D:8      | Reached *** piety under Ru
  6494 | D:9      | Reached XP level 10. HP: 77/77 MP: 3/10
  6588 | D:9      | Found a glowing golden altar of the Shining One.
  6703 | D:9      | Found a staircase to the Lair.
  6850 | D:9      | Reached skill level 9 in Axes
  6879 | D:9      | Noticed a hill giant
  6919 | D:9      | Killed a hill giant
  7028 | D:9      | Reached skill level 1 in Evocations
  7193 | D:10     | Entered Level 10 of the Dungeon
  7656 | D:10     | Identified Ycrar's Tome of Conjuration
  7682 | D:10     | Reached skill level 10 in Axes
  7713 | D:10     | Reached XP level 11. HP: 71/86 MP: 4/12
  8058 | D:10     | Reached skill level 11 in Axes
  8196 | D:10     | Gained mutation: You are somewhat inexperienced. (-2 XL) [Ru sacrifice]
  8196 | D:10     | Reached XP level 10. HP: 74/82 MP: 3/3
  8196 | D:10     | Reached XP level 9. HP: 74/75 MP: 3/3
  8196 | D:10     | Reached **** piety under Ru
  8296 | D:10     | Noticed an unseen horror
  8317 | D:10     | Killed an unseen horror
  8350 | D:11     | Found Olyiclid's Magic Scroll Shoppe.
  8357 | D:11     | Bought a scroll of identify for 20 gold pieces
  8357 | D:11     | Bought 3 scrolls of identify for 60 gold pieces
  8357 | D:11     | Bought a scroll of identify for 20 gold pieces
  8365 | D:11     | Bought a scroll of identify for 20 gold pieces
  8365 | D:11     | Bought a scroll of identify for 20 gold pieces
  8425 | D:11     | Noticed Maurice
  8426 | D:11     | Noticed a manticore
  8431 | D:11     | Gained mutation: You are resistant to hostile enchantments. (MR+) [potion of beneficial mutation]
  8446 | D:11     | Killed Maurice
  8453 | D:11     | Killed a manticore
  8453 | D:11     | Reached XP level 10. HP: 58/82 MP: 3/11
  8625 | D:11     | Found a stormy altar of Qazlal.
  8752 | D:11     | Noticed Urug
  8765 | D:11     | Killed Urug
  8765 | D:11     | Reached skill level 10 in Shields
  9421 | D:12     | Noticed Snorg
  9468 | D:12     | Killed Snorg
  9468 | D:12     | Reached skill level 12 in Axes
  9468 | D:12     | Reached XP level 11. HP: 26/89 MP: 12/12
  9748 | D:12     | Found a frozen archway.
  9780 | IceCv    | Entered an ice cave
  9807 | IceCv    | Slain by an ice devil

Vault maps used:
D:1:      wheals_arrival_shading
D:2:      nicolae_ru_sacrificial_ziggurat, corner_web_ring
D:3:      lemuel_doored_altar, first_bread
D:4:      led_sif_book, minmay_misc_feat_four_crosses, uniq_pikel,
          uniq_menkaure, uniq_grinder
D:5:      lemuel_coloured_pillars_altar, uniq_eustachio
D:6:      serial_shops, shop, enter_ossuary_3, centaur_isle
D:7:      fiery_altar_vehumet, gammafunk_temple_overflow_elements,
          minmay_misc_feat_alley, uniq_joseph, uniq_prince_ribbit1
D:8:      eat_drink_and_be_merry_uskayaw, serial_shops,
          nicolae_shop_behind_doors, shop, shop, shop
D:9:      nicolae_tso_carved_into_rock, minmay_lair_entry_lava
D:11:     basic_altar, serial_shops, nicolae_shop_trees, grunt_pizzeria,
          uniq_urug, uniq_maurice
D:12:     hiddenorc1_lemuel, portal_ice_cave_entry_pillars_2, uniq_rupert,
          uniq_snorg
Ossuary:  ossuary_crypta
IceCv:    ice_cave_tombish

Skill      XL: |  1  2  3  4  5  6  7  8  9 10 11 |
---------------+----------------------------------+-----
Shields        | 4 5 6 7 10 | 10.2
Armour         | 4 5 6 7 8 |  8.8
Axes           | 3 4 5 6 8 12 11 | 12.1
Dodging        | 1 2 0 |  0.0
Fighting       | 4 5 6 9 8 |  9.0
Evocations     | 1 |  1.5

Action                   |  1- 3 |  4- 6 |  7- 9 | 10-12 || total
-------------------------+-------+-------+-------+-------++-------
Melee: War axe           |    61 |   122 |    94 |       ||   277
       Hand axe          |       |       |   196 |   303 ||   499
       Battleaxe         |       |       |       |    92 ||    92
       Broad axe         |       |       |       |     4 ||     4
Invok: Sacrifice Purity  |       |     1 |       |       ||     1
       Sacrifice Words   |       |       |     1 |       ||     1
       Sacrifice Nimblen |       |       |     1 |       ||     1
       Sacrifice Experie |       |       |     1 |       ||     1
Evoke: Wand              |       |       |     2 |     4 ||     6
  Use: Scroll            |       |     1 |    23 |     5 ||    29
       Potion            |       |       |     3 |     6 ||     9
 Stab: Invisible         |       |       |     1 |     3 ||     4
       Confused          |       |       |     1 |       ||     1
  Eat: Chunk             |     1 |     4 |    12 |    12 ||    29
       Beef jerky        |       |       |     1 |       ||     1
Armor: Scale mail        |    32 |    73 |     7 |       ||   112
       Chain mail        |       |       |    56 |    90 ||   146
       Ring mail         |       |       |       |    16 ||    16
Dodge: Dodged            |    21 |    34 |    67 |    97 ||   219
Block: Shield            |    32 |    76 |   140 |   194 ||   442
